 Dungeon Crawl Stone Soup version 0.32-a0-40-g2adb59a (webtiles) character file.

Game seed: 15943788177069723899

212 Dorkslayer the Ruffian (level 5, -5/32 (34) HPs)
             Began as an Octopode Shapeshifter on Jan 24, 2024.
             Slain by hyungi's ghost (10 damage)
             ... on level 3 of the Dungeon.
             The game lasted 00:06:58 (1953 turns).

Dorkslayer the Ruffian (Octopode Shapeshifter)      Turns: 1953, Time: 00:06:58

HP:   -5/32 (34)    AC:  1    Str: 16    XL:     5   Next: 90%
MP:   5/5           EV: 13    Int: 12    God:
Gold: 155           SH:  0    Dex: 11    Spells: 4/4 levels left

rFire   . . .        i - +2 mace (holy)
rCold   . . .        (no shield)
rNeg    . . .        (helmet currently unavailable)
rPois   .            (no amulet)
rElec   .            e - ring of flight
rCorr   .            (no ring)
SInv    .            (no ring)
Will    .....        (no ring)
Stlth   +++          (no ring)
HPRegen 0.25/turn    (no ring)
MPRegen 0.09/turn    (no ring)
                     (no ring)

%: no passive effects
@: beast-form, flying, hasted, drained, very quick
A: beast (slay +2), almost no armour, amphibious, 8 rings, camouflage 1,
gelatinous body 1, (nimble swimmer 1), tentacles
a: Begin Untransformation


You were on level 3 of the Dungeon.
You were a hulking beast.
You visited 1 branch of the dungeon, and saw 3 of its levels.

You collected 155 gold pieces.

Inventory:

Hand Weapons
 g - a +2 demon whip of freezing
 i - a +2 mace of holy wrath (weapon)
 k - a +1 flail of distortion
Missiles
 h - 6 boomerangs (quivered)
Armour
 f - a +1 hat
Jewellery
 e - a ring of flight (left tentacle)
Talismans
 b - a beast talisman
 c - a flux talisman
 n - a serpent talisman
Scrolls
 l - 2 scrolls of poison
Potions
 d - a potion of heal wounds {unknown}
 m - 2 potions of curing
 o - a potion of invisibility {unknown}


   Skills:
 + Level 1.6 Fighting
 + Level 2.7 Maces & Flails
 + Level 0.4 Throwing
 + Level 2.4 Dodging
 + Level 2.7 Stealth
 * Level 4.0 Unarmed Combat
 + Level 3.6 Shapeshifting


You had 4 spell levels left.
You didn't know any spells.
Your spell library was empty.

Dungeon Overview and Level Annotations

Branches:
Dungeon (3/15)

Altars:
Zin

Shops:
D:3 =

Annotations:
D:3 Tsarin's ghost, amateur MiGl; hyungi's ghost, amateur OpSh


Innate Abilities, Weirdness & Mutations

You are a hulking beast.
Your limbs bulge with bestial killing power. (Slay +2)
You cannot wear most types of armour.
You are amphibious.
You can wear up to eight rings at the same time.
Your skin changes colour to match your surroundings (Stealth+).
Your rubbery body absorbs attacks. (AC +1, EV +1)
((You are camouflaged when in or above water. (Stealth+)))
You have tentacles for arms and can constrict up to eight enemies at once.


Message History

You throw a boomerang.
The boomerang closely misses hyungi's ghost.
Okay, then.
Throw: 7 boomerangs
Press: ? - help, Q - select action Shift-Dir - straight line, f/p - hyungi's ghost
Aim: hyungi's ghost, wielding a weapon of draining (lightly damaged, 41% to hit)
You throw a boomerang.
The boomerang barely misses hyungi's ghost.
You feel yourself speed up. Tsarin's ghost hits you.
You hit Tsarin's ghost.
Tsarin's ghost convulses.
Tsarin's ghost is lightly damaged.
Throw: 6 boomerangs
Press: ? - help, Q - select action Shift-Dir - straight line, f/p - hyungi's ghost
Aim: hyungi's ghost, wielding a weapon of draining (lightly damaged, 41% to hit)
You throw a boomerang.
The boomerang closely misses Tsarin's ghost.
The boomerang barely misses hyungi's ghost.
You hit Tsarin's ghost.
Tsarin's ghost convulses.
Tsarin's ghost is moderately damaged.
Tsarin's ghost hits you.
You sock hyungi's ghost!
Hyungi's ghost convulses!
Hyungi's ghost is heavily damaged.
Tsarin's ghost barely misses you.
You hit hyungi's ghost.
Hyungi's ghost convulses.
Hyungi's ghost is severely damaged.
Hyungi's ghost hits you.
You feel drained.
You miss hyungi's ghost. Your squeeze misses hyungi's ghost.
Hyungi's ghost is severely damaged.
Tsarin's ghost hits you. Hyungi's ghost barely misses you.
You miss hyungi's ghost. You squeeze hyungi's ghost.
Hyungi's ghost is almost destroyed.
Tsarin's ghost hits you! Hyungi's ghost hits you!
* * * LOW HITPOINT WARNING * * *
You feel drained.
Tsarin's ghost keens inconsolably.
Tsarin's ghost attacks as it pursues you!
Tsarin's ghost misses you.
Hyungi's ghost attacks as it pursues you!
Hyungi's ghost hits you!
You die...

...# #.......##........
...#############.....>.#.†.......
.................................
......................##.........
.....................####........
......................# ##....#..
....!...............#.#######.###
.................W.......# #.#
........).......hW.......# #.#
..........∩.....####'''### #.#
.##.............#♣.......♣ ##.#
.###.....##.....#⌠.......⌠##..###
.# ####...##.####♣.......♣#......
## ###..#..#.#(.......?##.....
### ##..#..÷##8$....8###..... ..#
#.......##$♣⌠♣$##....... ###
########...########.##.....


You could see Tsarin's ghost and hyungi's ghost.

Vanquished Creatures
  A bombardier beetle (D:3)
  An orc priest (D:3)
  Terence (D:3)
  4 adders
  A gnoll (D:1)
  A ribbon worm (D:3)
  2 dart slugs (D:3)
  4 orcs (D:3)
  9 endoplasms
  A giant cockroach (D:1)
  7 goblins
  5 hobgoblins
  6 jackals
  5 kobolds
  2 quokkas
  7 ball pythons
  6 bats
  8 frilled lizards
  4 rats
75 creatures vanquished.

Notes
Turn   | Place    | Note
-------+----------+-------------------------------------------
     0 | D:1      | Dorkslayer the Octopode Shapeshifter began the quest for
                  | the Orb.
     0 | D:1      | Reached XP level 1. HP: 13/13 MP: 1/1
    79 | D:1      | Reached XP level 2. HP: 13/18 MP: 2/2
   209 | D:1      | Reached XP level 3. HP: 23/23 MP: 3/3
   514 | D:1      | Reached skill level 1 in Stealth
  1025 | D:2      | Reached XP level 4. HP: 22/28 MP: 4/4
  1209 | D:2      | Reached skill level 1 in Maces & Flails
  1515 | D:3      | Noticed Terence
  1529 | D:3      | Killed Terence
  1547 | D:3      | Reached XP level 5. HP: 19/33 MP: 5/5
  1578 | D:3      | Found a glowing silver altar of Zin.
  1579 | D:3      | Noticed an angel
  1673 | D:3      | Found Vietz's Jewellery Shop.
  1690 | D:3      | Found a runed translucent gate.
  1691 | D:3      | Found a runed translucent gate.
  1692 | D:3      | Found a runed translucent gate.
  1693 | D:3      | Noticed hyungi's ghost (amateur OpSh)
  1694 | D:3      | Noticed Tsarin's ghost (amateur MiGl)
  1891 | D:3      | Reached skill level 4 in Unarmed Combat
  1953 | D:3      | Slain by hyungi's ghost

Illustrated notes

Levels and vault maps discovered:
D:1:      lemuel_arrival_cross, layout_loops_ring, serial_aquarium,
          aquarium_bridge_long_joined [aquarium_subvault_window,
          aquarium_subvault_bridge, aquarium_subvault_bridge,
          aquarium_subvault_wall, aquarium_subvault_window,
          aquarium_subvault_window], aquarium_window_fake, aquarium_window_fake,
          aquarium_window_corridor_1, aquarium_window_1, aquarium_view_2g,
          st_stairs_8
D:2:      minmay_wonky_spiral, layout_basic
D:3:      layout_rooms, zin_angel, gammafunk_ghost_cemetery, serial_shops, shop,
          uniq_terence

Skill      XL: |  1  2  3  4  5 |
---------------+----------------+-----
Stealth        | 1 2 |  2.7
Maces & Flails | 1 2 |  2.7
Unarmed Combat | 4 |  4.0
Fighting       | |  1.6
Throwing       | |  0.4
Dodging        | |  2.4
Shapeshifting  | |  3.6

Action                     |  1- 3 |  4- 6 || total
---------------------------+-------+-------++-------
  Melee: Unarmed           |    20 |       ||    20
         Constrict         |    12 |    15 ||    27
         Tentacles         |     8 |     5 ||    13
         Demon whip        |    53 |    54 ||   107
         Punch             |       |     2 ||     2
         Mace              |       |     6 ||     6
  Throw: Boomerang         |       |    12 ||    12
    Use: Scroll            |       |     4 ||     4
         Potion            |       |     2 ||     2
   Stab: Sleeping          |     7 |     5 ||    12
 Armour: Skin              |    35 |    31 ||    66
  Dodge: Dodged            |    50 |    21 ||    71

Table legend: (Time is in decaauts)
 A = Elapsed time spent in this place.
 B = Non-inter-level travel time spent in this place.
 C = Inter-level travel time spent in this place.
 D = Time resting spent in this place.
 E = Time spent auto-exploring this place.
 F = Levels seen in this place.
 G = Mean time per level.
                   A        B        C        D        E       F      G
               +--------+--------+--------+--------+--------+-----+--------+
         Total |   1939 |   1939 |      0 |    100 |    886 |   3 |  646.3 |
       Dungeon |   1939 |   1939 |      0 |    100 |    886 |   3 |  646.3 |
               +--------+--------+--------+--------+--------+-----+--------+

Top non-repeatable levels by time:
     D:1: 820 daAuts
     D:3: 607 daAuts
     D:2: 511 daAuts
